 Dungeon Crawl Stone Soup version 0.17-a0-1804-gf6433eb (webtiles) character file.

35 luca467 the Sneak (level 3, -2/16 HPs)
             Began as a Spriggan Enchanter on Sept 11, 2015.
             Slain by a worm (9 damage)
             ... on level 2 of the Dungeon.
             The game lasted 00:07:39 (1706 turns).

luca467 the Sneak (Spriggan Enchanter)              Turns: 1706, Time: 00:07:40

Health: -2/16      AC:  3    Str:  5    XL:     3   Next: 17%
Magic:  8/8        EV: 18    Int: 16    God:
Gold:   75         SH:  0    Dex: 16    Spells: 1 memorised, 6 levels left

rFire  . . .     SeeInvis +     a - +1 dagger
rCold  . . .     Clarity  .     b - +1 robe
rNeg   . . .     SustAt   .     (shield restricted)
rPois  .         Gourm    .     (helmet restricted)
rElec  .         Spirit   .     (no cloak)
rCorr  .         Warding  .     (gloves unavailable)
rMut   .         Stasis   .     (boots unavailable)
MR     .....                    (no amulet)
Stlth  +++.......               (no ring)
                                (no ring)

@: very quick, not resistant to hostile enchantments, fairly stealthy
A: unfitting armour, see invisible, herbivore 3, speed 3, slow metabolism 2
a: no special abilities


You were on level 2 of the Dungeon.
You were not hungry.

You visited 1 branch of the dungeon, and saw 2 of its levels.

You collected 75 gold pieces.

Inventory:

Hand weapons
 a - a +1 dagger (weapon)
Armour
 b - a +1 robe (worn)
Scrolls
 e - a scroll of teleportation {unknown}
 h - a scroll of magic mapping {unknown}
 i - 3 scrolls of identify {unknown}
 j - a scroll of remove curse {unknown}
Potions
 f - a potion of resistance {unknown}
 g - a potion of degeneration {unknown}
 k - a potion of curing {unknown}
 l - a potion of brilliance {unknown}
Books
 c - a book of Maledictions

   Spells                             Type                      Level
   a - Corona                         Hexes                        1
   b - Ensorcelled Hibernation        Hexes/Ice                    2
   c - Confuse                        Hexes                        3
   d - Tukima's Dance                 Hexes                        3
   e - Dazzling Spray                 Conjuration/Hexes            3
Comestibles
 d - 2 bread rations


   Skills:
 * Level 2.7 Short Blades
 - Level 3.0 Dodging
 + Level 5.3 Stealth
 - Level 2.6 Spellcasting
 - Level 3.6 Hexes


You had 6 spell levels left.
You knew the following spells:

 Your Spells              Type           Power        Failure   Level  Hunger
a - Corona                Hex            ##.....      6%          1    #......


Dungeon Overview and Level Annotations

Branches:
Dungeon (2/15)

Altars:


Innate Abilities, Weirdness & Mutations

You are tiny and cannot use many weapons and most armour.
You have supernaturally acute eyesight.
You are a herbivore.
You cover ground extremely quickly.
You need consume almost no food.


Message History

You hit the worm.
The worm is moderately wounded.
The worm bites you.
You hit the worm.
The worm is moderately wounded.
You hit the worm.
The worm is moderately wounded.
The worm bites you.
You barely miss the worm.
The worm is moderately wounded.
You hit the worm.
The worm is heavily wounded.
The worm misses you.
You hit the worm.
The worm is heavily wounded.
You hit the worm.
The worm is severely wounded.
The worm bites you!
Ouch! That really hurt!
You die...

############..#..#### ##.######
.....###.....###....#####<#.##
#
####.....####.#.......##.###.##
#####.# ##.#......#.## ##.##
#.# #.#.......## ##.# #.#
#........#.## ##.### #.#
###......##.###..... #.#
#.##.#####.#.##### # #.#
##@#### #####.... # #.######w##
#.### # #.......## #.# #
####...## ### # #.## # # # # #


You could see a worm.

Vanquished Creatures
  2 adders (D:2)
  5 bats
  A giant cockroach (D:2)
  2 hobgoblins
  A ball python (D:1)
  3 giant newts (D:1)
  A goblin (D:2)
  2 kobolds (D:1)
  4 rats
21 creatures vanquished.

Notes
Turn   | Place    | Note
--------------------------------------------------------------
     0 | D:1      | luca467 the Spriggan Enchanter began the quest for the Orb.
     0 | D:1      | Reached XP level 1. HP: 9/9 MP: 5/5
   522 | D:1      | Reached skill level 5 in Stealth
   724 | D:1      | Reached XP level 2. HP: 7/13 MP: 6/6
  1319 | D:2      | Reached XP level 3. HP: 16/16 MP: 8/8
  1706 | D:2      | Slain by a worm

Vault maps used:
D:1:      dpeg_arrival_boxes_within_box, glass_columns_b
D:2:      kennysheep_big_flooded_room, grunt_temple_overflow_open,
          serial_co_window_serial, co_window_corner_a, co_window_paths_b,
          co_window_corner_a, co_window_paths_a, co_window_of_opportunity_a,
          co_window_corner_a, co_window_paths_b, co_window_broadway_b,
          co_window_broadway_b, co_window_of_opportunity_c, co_window_paths_d

Action                   || total
-------------------------++-------
Melee: Dagger            ||    63
 Stab: Sleeping          ||    10
